 Dungeon Crawl Stone Soup version 0.28-a0-1312-g71652a0310 (webtiles) character file.

Game seed: 6301743292295581049

163 Iscandelvey the Vexing (level 5, -34/37 HPs)
             Began as a Demonspawn Arcane Marksman on Dec 27, 2021.
             Killed from afar by Ijyb (47 damage)
             ... with a bolt of acid
             ... on level 3 of the Dungeon.
             The game lasted 00:02:07 (2008 turns).

Iscandelvey the Vexing (Demonspawn Arcane Marksman) Turns: 2008, Time: 00:02:07

Health: -34/37     AC:  1    Str: 10    XL:     5   Next: 20%
Magic:  8/8        EV: 12    Int: 17    God:
Gold:   123        SH:  0    Dex: 13    Spells: 7/8 levels left

rFire   . . .      SeeInvis .   a - +0 hunting sling
rCold   . . .      Faith    .   (no shield)
rNeg    . . .      Spirit   .   d - +0 robe
rPois   .          Reflect  .   (no helmet)
rElec   .          Harm     .   (no cloak)
rCorr   .          Rampage  .   (no gloves)
Will    .....                   (no boots)
Stlth   ++........              (no amulet)
HPRegen 0.12/turn               (no ring)
MPRegen 0.22/turn               (no ring)

@: corroded
A: icy blue scales 2, magic regeneration
a: no special abilities


You were on level 3 of the Dungeon.
You visited 1 branch of the dungeon, and saw 3 of its levels.

You collected 123 gold pieces.

Inventory:

Hand Weapons
 a - a +0 hunting sling (weapon)
Missiles
 c - 42 sling bullets (quivered ammo)
 e - 59 stones
 g - a throwing net
Armour
 d - a +0 robe (worn)
Jewellery
 h - an amulet of magic regeneration
Scrolls
 b - a scroll of blinking {unknown}
 f - 4 scrolls of identify {unknown}
 i - a scroll of enchant weapon {unknown}
 k - a scroll of silence {unknown}
 m - 2 scrolls of noise {unknown}
 n - a scroll of enchant armour {unknown}
 o - a scroll of vulnerability {unknown}
Potions
 j - a potion of curing {unknown}
 l - a potion of degeneration {unknown}


   Skills:
 - Level 1.5 Fighting
 - Level 2.1(2.3) Slings
 + Level 1.2(1.9) Throwing
 + Level 1.1 Armour
 + Level 2.5 Dodging
 + Level 1.4 Stealth
 + Level 2.0 Spellcasting
 + Level 3.6 Hexes


You had 7 spell levels left.
You knew the following spells:

 Your Spells              Type           Power      Damage    Failure   Level
a - Slow                  Hex            56%        N/A       4%          1

Your spell library contained the following spells:

 Spells                   Type           Power      Damage    Failure   Level
 Inner Flame              Hex/Fire       8%         N/A       26%         3
 Portal Projectile        Hex/Tloc       16%        N/A       26%         3
 Cause Fear               Hex            7%         N/A       38%         4
 Call Canine Familiar     Summ           1%         N/A       50%         3
 Leda's Liquefaction      Hex/Erth       4%         N/A       65%         4
 Animate Dead             Necr           0%         N/A       88%         4
 Dispel Undead            Necr           1%         3d6       88%         4
 Death's Door             Necr           0%         N/A       100%        9


Dungeon Overview and Level Annotations

Branches:
Dungeon (3/15)

Altars:
Cheibriados
Elyvilon

Shops:
D:2 *   D:3 (

Annotations:
D:3 2 transporters, Ijyb


Innate Abilities, Weirdness & Mutations

You are mostly covered in icy blue scales. (AC +3)
You regenerate magic rapidly.


Message History

There is an open door here.
You see here a +0 club.
Found a transporter.
No reachable target in view!
You open the door. You open the door.
Found a hunting sling.
Found a stone staircase leading down.
No target in view!
Ijyb the Twisted Goblin comes into view.
She is wielding a +6 dagger of speed, wearing a +2 scale mail of poison resistance and carrying a wand of acid (9).
There is an open door here.
You shoot a sling bullet.
The sling bullet hits Ijyb but does no damage.
Ijyb shouts!
Ijyb is nearby!
Ijyb is nearby!
You shoot a sling bullet.
The sling bullet hits Ijyb but does no damage.
You shoot a sling bullet.
The sling bullet hits Ijyb but does no damage.
Ijyb screams, "I no like you!"
Ijyb is nearby!
You shoot a sling bullet. The sling bullet closely misses Ijyb.
Ijyb is nearby!
You shoot a sling bullet.
The sling bullet hits Ijyb but does no damage.
Ijyb zaps a wand.
The bolt of acid hits you. The acid corrodes you!
Ijyb is nearby!
You shoot a sling bullet. The sling bullet closely misses Ijyb.
You shoot a sling bullet. The sling bullet closely misses Ijyb.
You shoot a sling bullet. The sling bullet barely misses Ijyb.
Ijyb hits you with a +6 dagger of speed!
Ijyb closely misses you.
You shoot a sling bullet.
The sling bullet hits Ijyb but does no damage.
Ijyb hits you with a +6 dagger of speed. x2
You are too injured to fight recklessly!
You are too injured to fight recklessly!
Ijyb zaps a wand.
The bolt of acid hits you!!!
Ouch! That really hurt!
You die...

#.(..((... #....(....
#.>..(.... #.........
#...(..... #.........
... #.g)...... ...
#'#### ... #@...# ...
####....##########...
#.......'........+...
#.......####.....#...
#.......#......#
................#
#................#
#................#
###
#..........####.##
...


You could see Ijyb.

Vanquished Creatures
  A necrophage (D:3)
  A centaur skeleton (D:3)
  An adder (D:3)
  2 dart slugs
  5 ball pythons
  2 bats (D:1)
  4 endoplasms (D:1)
  A giant cockroach (D:1)
  3 hobgoblins
  6 kobolds
  3 quokkas
  A frilled lizard (D:3)
  5 goblins
  2 rats
37 creatures vanquished.

Notes
Turn   | Place    | Note
-------+----------+-------------------------------------------
     0 | D:1      | Iscandelvey the Demonspawn Arcane Marksman began the quest
                  | for the Orb.
     0 | D:1      | Reached XP level 1. HP: 15/15 MP: 2/2
   119 | D:1      | Gained mutation: You regenerate magic rapidly. [demonic
                  | ancestry]
   119 | D:1      | Reached XP level 2. HP: 21/21 MP: 3/3
   435 | D:1      | Found a faded altar of an unknown god.
   822 | D:2      | Got Kikubaaqudgha's Papyrus of Black Secrets
   868 | D:2      | Gained mutation: You are partially covered in icy blue
                  | scales. (AC +2) [demonic ancestry]
   868 | D:2      | Reached XP level 3. HP: 26/26 MP: 5/5
  1018 | D:2      | Found Ameworr's General Store.
  1504 | D:3      | Found Nuibilacyd's Antique Weapon Shop.
  1608 | D:3      | Noticed a necrophage
  1624 | D:3      | Killed a necrophage
  1625 | D:3      | Reached skill level 1 in Throwing
  1625 | D:3      | Reached skill level 1 in Armour
  1625 | D:3      | Reached skill level 1 in Stealth
  1625 | D:3      | Gained mutation: You are mostly covered in icy blue scales.
                  | (AC +3) [demonic ancestry]
  1625 | D:3      | Reached XP level 4. HP: 9/32 MP: 5/7
  1625 | D:3      | Reached XP level 5. HP: 11/37 MP: 5/8
  1904 | D:3      | Found a snail-covered altar of Cheibriados.
  1932 | D:3      | Found a transporter.
  1971 | D:3      | Found a transporter.
  1998 | D:3      | Noticed Ijyb
  2008 | D:3      | Killed from afar by Ijyb

Illustrated notes

Levels and vault maps discovered:
D:1:      dpeg_arrival_triangle_fractal, layout_basic,
          hellmonk_ecumenical_altar_arch_garden
D:2:      layout_basic, serial_shops, nicolae_shop_behind_doors
D:3:      gammafunk_steamed_eel, layout_basic, kennysheep_slug_shrine,
          elyvilon_altar_5, serial_shops, shop_statue, uniq_ijyb

Skill      XL: |  1  2  3 |
---------------+----------+-----
Dodging        | 2 |  2.5
Slings         | 2 |  2.1
Throwing       | 1 |  1.2
Armour         | 1 |  1.1
Stealth        | 1 |  1.4
Spellcasting   | 2 |  2.0
Fighting       | |  1.5
Hexes          | |  3.6

Action                   |  1- 3 |  4- 6 || total
-------------------------+-------+-------++-------
 Fire: Hunting sling     |   112 |    21 ||   133
 Cast: Slow              |       |     2 ||     2
Armor: Robe              |    14 |     2 ||    16
Dodge: Dodged            |    31 |     4 ||    35

Table legend: (Time is in decaauts)
 A = Elapsed time spent in this place.
 B = Non-inter-level travel time spent in this place.
 C = Inter-level travel time spent in this place.
 D = Time resting spent in this place.
 E = Time spent auto-exploring this place.
 F = Levels seen in this place.
 G = Mean time per level.
                   A        B        C        D        E       F      G
               +--------+--------+--------+--------+--------+-----+--------+
         Total |   2022 |   1925 |     97 |     62 |   1601 |   3 |  674.0 |
       Dungeon |   2022 |   1925 |     97 |     62 |   1601 |   3 |  674.0 |
               +--------+--------+--------+--------+--------+-----+--------+

Top non-repeatable levels by time:
     D:1: 813 daAuts
     D:3: 612 daAuts
     D:2: 596 daAuts
